 Dungeon Crawl Stone Soup version 0.32-a0-872-g59262bdc9b (webtiles) character file.

Game seed: 474049284505484240

88 dcgrp the Firebug (level 4, 0/54 HPs)
             Began as a Mountain Dwarf Fire Elementalist on Mar 30, 2024.
             Slain by a gnoll
             ... wielding a +0 flail
              (4 damage)
             ... on level 3 of the Dungeon.
             The game lasted 00:05:05 (2056 turns).

dcgrp the Firebug (MDFE)                            Turns: 2056, Time: 00:05:06

Health: 0/54       AC: 22    Str: 10    XL:     4   Next: 30%
Magic:  5/7        EV:  2    Int: 18    God:
Gold:   77         SH:  3    Dex: 10    Spells: 6/7 levels left

rFire   . . .        h - +0 trident
rCold   . . .        r - +0 buckler
rNeg    . . .        l - melded +0 ring mail
rPois   +            j - melded +0 helmet
rElec   .            (cloak currently unavailable)
rCorr   .            (gloves currently unavailable)
SInv    .            (boots currently unavailable)
Will    .....        (no amulet)
Stlth   ++           (no ring)
HPRegen 0.29/turn    (no ring)
MPRegen 0.10/turn

%: no passive effects
@: tree-form
A: stationary, stasis, torment immunity, boosted hp, runic magic, artefact
enchanting
a: no special abilities


You were on level 3 of the Dungeon.
You were a tree.
You visited 1 branch of the dungeon, and saw 3 of its levels.

You collected 104 gold pieces.
You spent 27 gold pieces at shops.

Inventory:

Hand Weapons
 f - a +0 sling
 h - a +0 trident (weapon)
 p - a +1 dagger of speed
Missiles
 c - 21 stones
 g - 5 javelins
Armour
 a - a +0 robe
 j - a +0 helmet (melded)
 k - a +0 plate armour
 l - a +0 ring mail (melded)
 m - a +0 chain mail
 r - a +0 buckler (worn)
Scrolls
 n - a scroll of enchant weapon {unknown}
 o - a scroll of amnesia {unknown}
 q - a scroll of enchant armour {unknown}
Potions
 b - a potion of magic
 d - a potion of resistance {unknown}
 i - a potion of cancellation {unknown}


   Skills:
 - Level 2.0 Fighting
 - Level 2.0 Armour
 - Level 1.3 Dodging
 - Level 1.4 Stealth
 + Level 0.5 Shields
 - Level 2.0 Spellcasting
 - Level 0.8 Conjurations
 + Level 4.8 Fire Magic


You had 6 spell levels left.
You knew the following spells:

 Your Spells              Type           Power      Damage    Failure   Level
a - Foxfire               Conj/Fire      48%        2x1d6     9%          1

Your spell library contained the following spells:

 Spells                   Type           Power      Damage    Failure   Level
 Scorch                   Fire           38%        2d6       5%          2
 Inner Flame              Hex/Fire       10%        N/A       30%         3
 Volatile Blastmotes      Fire/Tloc      20%        2d11      30%         3
 Flame Wave               Conj/Fire      12%        2d6       63%         4


Dungeon Overview and Level Annotations

Branches:
Dungeon (3/15)

Altars:
Qazlal

Shops:
D:2 *


Innate Abilities, Weirdness & Mutations

You are a tree.
Your roots penetrate the ground, keeping you stationary.
You cannot be teleported.
You are immune to unholy pain and torment.
Your maximum health is greatly increased.
Your equipment is partially melded.
Your spellcasting is much less encumbered by armour.
You can use scrolls of enchantment on lesser artefacts.


Message History

You barely miss the gnoll.
The foxfire hits the gnoll.
The gnoll is heavily wounded.
The foxfire hits the gnoll.
The gnoll is severely wounded.
The gnoll barely misses you. The gnoll closely misses you.
Casting: Foxfire (safe; 11% risk of failure)
Confirm with . or Enter, or press ? or * to list all spells.
You conjure some foxfire!
The gnoll hits you with a +0 flail. The gnoll barely misses you.
You hit the gnoll.
The gnoll is almost dead.
The foxfire hits the gnoll but does no damage.
The gnoll is almost dead.
The foxfire hits the gnoll.
You kill the gnoll!
The gnoll hits you with a +0 flail. The gnoll hits you but does no damage.
Training target 2.0 for Armour reached!
Your Armour skill increases to level 2!
You closely miss the gnoll. The gnoll hits you but does no damage.
Casting: Foxfire (safe; 11% risk of failure)
Confirm with . or Enter, or press ? or * to list all spells.
You conjure some foxfire!
The gnoll hits you with a +0 flail!
* * * LOW HITPOINT WARNING * * *
Unknown command.
Unknown command.
You turn into a tree.
Your +0 helmet melds into your body.
Your +0 ring mail melds into your body.
Your roots penetrate the ground.
The foxfire hits the gnoll.
The gnoll is heavily wounded.
The foxfire hits the gnoll.
The gnoll is severely wounded.
The gnoll hits you but does no damage.
You hit the gnoll but do no damage.
The gnoll is severely wounded.
The gnoll hits you with a +0 flail.
* * * LOW HITPOINT WARNING * * *
You hit the gnoll.
The gnoll is almost dead.
The gnoll hits you with a +0 flail.
You die...

#.#............g....
#.#.......g.##...###
#.#.......#.###.#...
#.#...[.###.# #.#.##
#.......###.###.#.##
###.................##
#........####.........
#.#...........#####.##
..####.##.♣)########
#.## .......)...g##
#.#
..#######....########
#.##
#........g..####...
##...####..........
##.......###..####
#######.# #......
#.###.##### #.....#


You could see a gnoll.

Vanquished Creatures
  An adder (D:2)
  3 gnolls
  A dart slug (D:1)
  2 ball pythons
  2 endoplasms
  A giant cockroach (D:2)
  7 goblins
  9 hobgoblins
  4 jackals (D:2)
  2 kobolds
  3 quokkas
  4 bats
  A frilled lizard (D:1)
  A rat (D:1)
41 creatures vanquished.

Vanquished Creatures (others)
  127 foxfires
127 creatures vanquished.

Grand Total: 168 creatures vanquished

Notes
Turn   | Place    | Note
-------+----------+-------------------------------------------
     0 | D:1      | dcgrp the Mountain Dwarf Fire Elementalist began the quest
                  | for the Orb.
     0 | D:1      | Reached XP level 1. HP: 14/14 MP: 3/3
   136 | D:1      | Reached skill level 1 in Fighting
   343 | D:1      | Reached XP level 2. HP: 24/24 MP: 0/4
   639 | D:1      | Reached skill level 4 in Fire Magic
   830 | D:2      | Found Alashriys's Assorted Antiques.
   837 | D:2      | Bought a scroll labelled WAPHOO QINNUD for 27 gold pieces
  1077 | D:2      | Reached XP level 3. HP: 29/29 MP: 2/6
  1285 | D:2      | Reached skill level 1 in Armour
  1460 | D:2      | Found a stormy altar of Qazlal.
  1878 | D:3      | Reached XP level 4. HP: 36/36 MP: 2/7
  2056 | D:3      | Slain by a gnoll

Illustrated notes

Levels and vault maps discovered:
D:1:      dpeg_arrival_arbitrary_c, layout_rooms,
          hangedman_abyss_or_decor_lesser_grid, reono_crystal_passage
D:2:      layout_basic, serial_shops, nicolae_shop_overgrown_old_shop,
          basic_altar, chequers_serial_rivers_small_a, dk_vineyard_3,
          minmay_close_crescents
D:3:      layout_loops_ring, hellmonk_ecumenical_altar_crossroads

Skill      XL: |  1  2  3  4 |
---------------+-------------+-----
Fighting       | 1 2 |  2.0
Spellcasting   | 2 |  2.0
Fire Magic     | 4 |  4.8
Armour         | 1 2 |  2.0
Dodging        | |  1.3
Stealth        | |  1.4
Shields        | |  0.5
Conjurations   | |  0.8

Action                     |  1- 3 |  4- 6 || total
---------------------------+-------+-------++-------
  Melee: Unarmed           |     3 |       ||     3
         Trident           |    33 |     6 ||    39
   Cast: Foxfire           |    68 |     9 ||    77
    Use: Scroll            |     2 |       ||     2
         Potion            |       |     1 ||     1
 Armour: Robe              |     5 |       ||     5
         Ring mail         |    40 |    10 ||    50
         Skin              |       |     3 ||     3
  Dodge: Dodged            |    27 |     8 ||    35

Table legend: (Time is in decaauts)
 A = Elapsed time spent in this place.
 B = Non-inter-level travel time spent in this place.
 C = Inter-level travel time spent in this place.
 D = Time resting spent in this place.
 E = Time spent auto-exploring this place.
 F = Levels seen in this place.
 G = Mean time per level.
                   A        B        C        D        E       F      G
               +--------+--------+--------+--------+--------+-----+--------+
         Total |   2070 |   1996 |     74 |      0 |   1550 |   3 |  690.0 |
       Dungeon |   2070 |   1996 |     74 |      0 |   1550 |   3 |  690.0 |
               +--------+--------+--------+--------+--------+-----+--------+

Top non-repeatable levels by time:
     D:2: 1008 daAuts
     D:1: 828 daAuts
     D:3: 233 daAuts
